cohdb
Replays
Latest Replays
All Replays
Popular Replays
Top Player Replays
Match Explorer
How It Works
Community
CoH3 Stats
Reddit
Sign in to upload your games and track your stats! →
Sign in with Steam
Match 39588499
Unlisted
Match 39588499
Overview
Messages
Build Orders
End
Scout Squad
Selects Heavy Weapons
Construct Weapon Support Center
Construct Weapon Support Center
Engineer Squad
M1919 Machine Gun Team
Air Support Center
Infantry Support Center
Selects M2HB .50cal Heavy Machine Gun
Bazooka Squad
Construct Barracks
Riflemen Squad
Riflemen Squad
Selects Assault Carriers
M3 Assault Carrier
Grenade Package
M1918 Browning Automatic Rifles
Advanced Logistics
Improved M9 Bazooka Rockets
Munitions Surplus
Demolitions Package
Riflemen Squad
Construct Motor Pool
Selects Exchangeable Parts
M3 Assault Carrier
M1 Anti-tank Gun Team
Forward Retreat Point
M3 Assault Carrier
Survival Training
Scout Squad
Selects M26 Pershing Heavy Tank
M26 Pershing Heavy Tank
Selects Gallant Stand
Scout Squad
Construct Tank Depot
Selects Black Dragon Artillery Barrage
Black Dragon Artillery Barrage
M18 Hellcat Tank Destroyer
Scout Squad
1⁄4-ton 4x4 Truck
Engineer Squad
L'hermite
MK8881829
Why So Serious !!!!!!
lionfilm
wila
LittleFatty233
Einherjer
Sasariu
0
0
Comments
sign in to comment!
No comments posted yet!